 Dungeon Crawl Stone Soup version 0.32-a0-576-g706899e69d (webtiles) character file.

Game seed: 1081158030845420561

581 ytrimaz the Chopper (level 7, -10/82 HPs)
             Began as a Coglin Gladiator on Mar 1, 2024.
             Mangled by an ogre
             ... wielding a +0 giant spiked club
              (11 damage)
             ... on level 4 of the Dungeon.
             The game lasted 00:02:48 (2635 turns).

ytrimaz the Chopper (Coglin Gladiator)              Turns: 2635, Time: 00:02:49

Health: -10/82     AC: 23    Str: 16    XL:     7   Next: 36%
Magic:  6/6        EV:  2    Int:  7    God:
Gold:   196        SH:  0    Dex: 12    Spells: 6/6 levels left

rFire   . . .        a - +0 war axe {Conrad}
rCold   . . .        g - +1 dagger "Efisicokku" {drain, Fly rN++ Dex-4}
rNeg    + + .        b - melded +0 leather armour
rPois   +            c - melded +0 helmet
rElec   .            (cloak currently unavailable)
rCorr   .            i - melded +2 pair of gloves of Resonance {+Blink rElec rF++ SInv}
SInv    .            (boots currently unavailable)
Will    .....        (no amulet)
Stlth   +            (no ring)
HPRegen 0.33/turn    (no ring)
MPRegen 0.10/turn    (no gizmo)

%: no passive effects
@: tree-form (expiring), revved
A: stationary, stasis, torment immunity, boosted hp, off-hand wielding, slow
wielding, warmup strikes, (no jewellery), (iridescent scales 1), low MP 1,
screaming 1
a: Invent Gizmo


You were on level 4 of the Dungeon.
You were a tree.
You visited 1 branch of the dungeon, and saw 4 of its levels.

You collected 196 gold pieces.


Innate Abilities, Weirdness & Mutations

You are a tree.
Your roots penetrate the ground, keeping you stationary.
You cannot be teleported.
You are immune to unholy pain and torment.
Your maximum health is greatly increased.
Your equipment is partially melded.
You can wield a second weapon in your off-hand.
It takes a long time for you to wield or remove held weapons.
Your first few attacks do less damage.
((You cannot equip rings or amulets.))
((You are partially covered in iridescent scales. (AC +2)))
Your magical capacity is low. (-10% MP)
You occasionally shout uncontrollably at your foes.


   Skills:
 + Level 4.8 Fighting
 + Level 5.3 Axes
 - Level 1.7 Throwing
 + Level 3.7 Armour
 - Level 2.6 Dodging


You had 6 spell levels left.
You didn't know any spells.
Your spell library contained the following spells:

 Spells                   Type           Power      Damage    Failure   Level
 Brom's Barrelling Bould  Conj/Erth      0%         2d3       99%         4
 Fireball                 Conj/Fire      0%         3d3       100%        5
 Iskenderun's Battlesphe  Conj           0%         2d6       100%        5
 Conjure Ball Lightning   Conj/Air       0%         3x3d6     100%        6
 Orb of Destruction       Conj           0%         9d5       100%        7

Inventory:

Hand Weapons
 a - a +0 war axe (weapon) {Conrad}
 f - a +0 dagger {Æthelred}
 g - the +1 dagger "Efisicokku" (offhand) {drain, Fly rN++ Dex-4}
   (You found it on level 3 of the Dungeon)

   Dex-4:     It affects your dexterity (-4).
   rN++:      It greatly protects you from negative energy.
   Fly:       It grants you flight.
Missiles
 d - 2 throwing nets (quivered)
Armour
 b - a +0 leather armour (melded)
 c - a +0 helmet (melded)
 i - the +2 pair of gloves of Resonance (melded) {+Blink rElec rF++ SInv}
   (You acquired it on level 2 of the Dungeon)

   rF++:      It greatly protects you from fire.
   rElec:     It insulates you from electricity.
   SInv:      It lets you see invisible.
   +Blink:    It lets you blink.
Scrolls
 l - a scroll of teleportation
 m - 2 scrolls of silence
 n - a scroll of fear
Potions
 j - a potion of enlightenment {unknown}
 o - a potion of degeneration {unknown}
 p - a potion of berserk rage {unknown}

Dungeon Overview and Level Annotations

Branches:
Dungeon (4/15) Zot: 21352
 Temple: D:4-7

Altars:
Dithmenos
Hepliaklqana

Shops:
D:1 !*

Annotations:
D:3 1 runed translucent door, Crazy Yiuf

. .. ##...
##...#
##...# ##♣.#
#Oo## #J##
#.#
#.##<#####.#
#......l...#
##.......###
#....S..#
...#...?....


You could see an ogre (very drained), an orc and an endoplasm.


Message History

The adder bites you but does no damage. The iguana bites you.
The orc priest looks encouraged for a moment. 😮 HP[-3]
You take 3 damage, and now have 43/82 hp.
You hit the iguana but do no damage. x2
You hit the adder with your +0 war axe. The adder bites you but does no damage.
The iguana bites you.
* * * LOW HITPOINT WARNING * * *
The adder bites you but does no damage. 😨 HP[-3]
You take 3 damage, and now have 40/82 hp.
Unknown command.
You barely miss the iguana with your +0 war axe.
You miss the adder with your +0 war axe.
You hit the iguana but do no damage.
The iguana bites you but does no damage.
The adder bites you but does no damage.
You hit the adder with the +1 dagger "Efisicokku".
You kill the adder!
You closely miss the iguana with your +0 war axe.
The iguana bites you but does no damage.
The orc priest mumbles some strange prayers to Beogh against you.
Beogh smites you!
* * * LOW HITPOINT WARNING * * *
😨 HP[-10]
You take 10 damage, and now have 30/82 hp.
Unknown command.
The orc priest shouts, "The Pantheon deserves no one's loyalty.
Let us show you the true path!"
You hit the endoplasm but do no damage. You drain the endoplasm.
You hit the endoplasm with your +0 war axe.
You kill the endoplasm!
The orc priest shouts, "The Pantheon deserves no one's loyalty.
Let us show you the true path!"
You hit the iguana but do no damage. The iguana bites you!
* * * LOW HITPOINT WARNING * * *
The orc priest begins to cast a cantrip, but forgets the words! 😨 HP[-7]
You take 7 damage, and now have 23/82 hp.
Unknown command.
You barely miss the iguana with the +1 dagger "Efisicokku".
You hit the iguana but do no damage. The iguana barely misses you.
You feel better.
The iguana bites you but does no damage. 😨 HP[+12]
You regained 12 hp, and now have 35/82 hp.
Okay, then.
Unknown command.
The orc priest shouts, "Beogh offers mercy even to people such as you.
Join us and be reborn!"
You slash the orc priest with your +0 war axe!
You slash the iguana with your +0 war axe!
You kill the iguana!
The orc priest shouts, "The Pantheon deserves no one's loyalty.
Let us show you the true path!"
You hit the orc priest with the +1 dagger "Efisicokku".
You drain the orc priest.
You kill the orc priest!
You hit the orc priest with the +1 dagger "Efisicokku".
You closely miss the orc priest with your +0 war axe.
Your transformation is almost over.
The orc priest shouts, "The Pantheon deserves no one's loyalty.
Let us show you the true path!" The orc priest barely misses you.
The orc priest hits you but does no damage.
You closely miss the orc priest with your +0 war axe.
You barely miss the ogre with your +0 war axe.
You closely miss the orc priest with the +1 dagger "Efisicokku".
The orc priest shouts, "Surrender to Beogh and we'll let you live!"
The ogre hits you with a +0 giant spiked club!!
* * * LOW HITPOINT WARNING * * *
The orc priest casts a cantrip, but nothing happens. 😱 HP[-24]
You take 24 damage, and now have 11/82 hp.
MASSIVE DAMAGE!! (PAUSE)
You hit the ogre but do no damage. You drain the ogre.
You closely miss the ogre with your +0 war axe.
You hit the orc priest with your +0 war axe.
The orc priest hits you but does no damage.
Unknown command.
You barely miss the ogre with your +0 war axe.
You slash the orc priest with your +0 war axe!
You kill the orc priest!
You hit the ogre with the +1 dagger "Efisicokku".
The ogre hits you but does no damage. 😱 HP[+1] Unknown command.
You hit the ogre with the +1 dagger "Efisicokku".
You drain the ogre.
You closely miss the ogre with your +0 war axe.
You hit the orc with your +0 war axe.
The ogre hits you with a +0 giant spiked club!
* * * LOW HITPOINT WARNING * * *
The orc hits you but does no damage. 😱 HP[-11]
You take 11 damage, and now have 1/82 hp.
Unknown command.
Unknown command.
It was a potion of mutation.
You feel extremely strange.
You feel less energetic.
Iridescent scales grow over part of your body.
You feel the urge to shout. The orc hits you but does no damage.
The ogre hits you with a +0 giant spiked club!
You die...

Skill      XL: |  1  2  3  4  5  6 |
---------------+-------------------+-----
Armour         | 1 2 3 |  3.7
Fighting       | 3 4 |  4.8
Axes           | 4 5 |  5.3
Throwing       | |  1.7
Dodging        | |  2.6

Action                     |  1- 3 |  4- 6 |  7- 9 || total
---------------------------+-------+-------+-------++-------
  Melee: War axe           |    54 |    27 |    13 ||    94
         Dagger            |    51 |    23 |    13 ||    87
  Throw: Throwing net      |     3 |       |       ||     3
         Javelin           |     1 |       |       ||     1
    Use: Scroll            |     6 |     3 |       ||     9
         Potion            |     2 |     2 |     2 ||     6
   Stab: Sleeping          |     1 |     1 |       ||     2
         Invisible         |     3 |       |       ||     3
 Armour: Leather armour    |    41 |    15 |       ||    56
         Skin              |       |    16 |    22 ||    38
  Dodge: Dodged            |    47 |    19 |     2 ||    68

Levels and vault maps discovered:
D:1:      shiori_arrival_whats_in_store_for_you, layout_loops_ring,
          serial_shops, nicolae_shop_overgrown_old_shop,
          nicolae_shop_statue_plus, dreamdust_ecumenical_altar_grove
D:2:      layout_basic, serial_rivers, chequers_serial_rivers_large_a,
          chequers_serial_rivers_room_b, chequers_serial_rivers_small_a,
          chequers_serial_rivers_room_b
D:3:      layout_loops_corners, grunt_dithmenos_smoke_and_mirrors,
          marbit_many_paths, uniq_grinder, uniq_crazy_yiuf_cottage, uniq_sigmund
D:4:      layout_rooms, tgw_sif, mainiacjoe_overflow_tiny_flanked, serial_shops,
          nicolae_shop_trees, kennysheep_orc_chapel

Notes
Turn   | Place    | Note
-------+----------+-------------------------------------------
     0 | D:1      | ytrimaz the Coglin Gladiator began the quest for the Orb.
     0 | D:1      | Reached XP level 1. HP: 16/16 MP: 1/1
     0 | D:1      | magus.rc [v1.9.6]
    37 | D:1      | You pick up a book of the Spheres and begin reading...
    37 | D:1      | You add the spells Brom's Barrelling Boulder, Iskenderun's
                  | Battlesphere, Fireball, Conjure Ball Lightning and Orb of
                  | Destruction to your library.
    86 | D:1      | Found a faded altar of an unknown god.
   163 | D:1      | Reached XP level 2. HP: 22/22 MP: 2/2
   176 | D:1      | Found Hyssuo's Distillery.
   271 | D:1      | Found Toank's Assorted Antiques.
   982 | D:2      | Reached skill level 1 in Armour
  1121 | D:2      | Identified a scroll of acquirement
  1121 | D:2      | Acquired the +2 pair of gloves of Resonance {+Blink rElec
                  | rF++ SInv}
  1212 | D:2      | Reached XP level 3. HP: 27/28 MP: 3/3
  1633 | D:3      | Noticed Grinder
  1654 | D:3      | HP: 6/28 [Grinder (3)]
  1660 | D:3      | Killed Grinder
  1661 | D:3      | Reached skill level 3 in Fighting
  1661 | D:3      | Reached skill level 4 in Axes
  1661 | D:3      | Reached skill level 2 in Armour
  1661 | D:3      | Reached XP level 4. HP: 9/37 MP: 4/4
  1661 | D:3      | Reached XP level 5. HP: 11/42 MP: 5/5
  1864 | D:3      | Reached XP level 6. HP: 48/48 MP: 6/6
  1951 | D:3      | Found a shadowy altar of Dithmenos.
  2009 | D:3      | Noticed Sigmund
  2021 | D:3      | Killed Sigmund
  2022 | D:3      | Reached skill level 4 in Fighting
  2022 | D:3      | Reached skill level 3 in Armour
  2319 | D:3      | Identified the +1 dagger "Efisicokku" {drain, Fly rN++
                  | Dex-4}
  2365 | D:3      | Found a hazy altar of Hepliaklqana.
  2569 | D:3      | Found a runed translucent door.
  2570 | D:3      | Noticed Crazy Yiuf
  2608 | D:4      | Noticed an ice beast
  2619 | D:4      | Killed an ice beast
  2620 | D:4      | Reached skill level 5 in Axes
  2620 | D:4      | Reached XP level 7. HP: 51/55 MP: 7/7
  2631 | D:4      | HP: 11/82 [ogre/+0 giant spiked club (25)]
  2634 | D:4      | HP: 1/82 [ogre/+0 giant spiked club (11)]
  2635 | D:4      | Gained mutation: Your magical capacity is low. (-10% MP)
                  | [potion of mutation]
  2635 | D:4      | Gained mutation: You are partially covered in iridescent
                  | scales. (AC +2) [potion of mutation]
  2635 | D:4      | Gained mutation: You occasionally shout uncontrollably at
                  | your foes. [potion of mutation]
  2635 | D:4      | Mangled by an ogre

Vanquished Creatures
  Grinder (D:3)
  Sigmund (D:3)
  An ice beast (D:4)
  2 orc priests (D:4)
  An iguana (D:4)
  An adder (D:4)
  A ribbon worm (D:2)
  A dart slug (D:3)
  An orc (D:4)
  4 ball pythons
  6 bats
  4 endoplasms
  5 giant cockroaches
  A goblin (D:1)
  2 hobgoblins
  4 kobolds
  A frilled lizard (D:1)
  3 rats (D:1)
40 creatures vanquished.

Table legend:
 A = Non-vault XP
 B = Vault XP
 C = Vault XP percentage of total XP
 D = Non-vault monster count
 E = Vault monster count
 F = Vault count percentage of total count
                 A         B        C        D         E       F
            +---------+---------+-------+---------+---------+-------
      Total |     320 |     511 |  61.5 |      37 |       3 |   7.5
            +---------+---------+-------+---------+---------+-------
        D:1 |      20 |       0 |   0.0 |      14 |       0 |   0.0
        D:2 |      15 |       0 |   0.0 |       7 |       0 |   0.0
        D:3 |      12 |     511 |  97.7 |       7 |       3 |  30.0
        D:4 |     273 |       0 |   0.0 |       9 |       0 |   0.0
            +---------+---------+-------+---------+---------+-------

Skill      XL: |  1  2  3  4  5  6 |
---------------+-------------------+-----
Armour         | 1 2 3 |  3.7
Fighting       | 3 4 |  4.8
Axes           | 4 5 |  5.3
Throwing       | |  1.7
Dodging        | |  2.6

Action                     |  1- 3 |  4- 6 |  7- 9 || total
---------------------------+-------+-------+-------++-------
  Melee: War axe           |    54 |    27 |    13 ||    94
         Dagger            |    51 |    23 |    13 ||    87
  Throw: Throwing net      |     3 |       |       ||     3
         Javelin           |     1 |       |       ||     1
    Use: Scroll            |     6 |     3 |       ||     9
         Potion            |     2 |     2 |     2 ||     6
   Stab: Sleeping          |     1 |     1 |       ||     2
         Invisible         |     3 |       |       ||     3
 Armour: Leather armour    |    41 |    15 |       ||    56
         Skin              |       |    16 |    22 ||    38
  Dodge: Dodged            |    47 |    19 |     2 ||    68

Illustrated notes

Table legend:
 A = Kills in this place as a percentage of kills in the entire game.
 B = Kills by you in this place as a percentage of kills by you in the entire game.
 C = Kills by friends in this place as a percentage of kills by friends in the entire game.
 D = Other kills in this place as a percentage of other kills in the entire game.
 E = Experience gained in this place as a percentage of experience gained in the entire game.
 F = Experience gained in this place divided by the number of levels of this place that you have seen.
                   A       B       C       D       E      F
               +-------+-------+-------+-------+-------+----------------------
         Total | 100.0 | 100.0 |   N/A |   N/A | 100.0 | 207.8
       Dungeon | 100.0 | 100.0 |   N/A |   N/A | 100.0 | 207.8
               +-------+-------+-------+-------+-------+----------------------

Table legend: (Time is in decaauts)
 A = Elapsed time spent in this place.
 B = Non-inter-level travel time spent in this place.
 C = Inter-level travel time spent in this place.
 D = Time resting spent in this place.
 E = Time spent auto-exploring this place.
 F = Levels seen in this place.
 G = Mean time per level.
                   A        B        C        D        E       F      G
               +--------+--------+--------+--------+--------+-----+--------+
         Total |   2646 |   2479 |    167 |      0 |   2133 |   4 |  661.5 |
       Dungeon |   2646 |   2479 |    167 |      0 |   2133 |   4 |  661.5 |
               +--------+--------+--------+--------+--------+-----+--------+

Top non-repeatable levels by time:
     D:3: 1018 daAuts
     D:1: 876 daAuts
     D:2: 719 daAuts
     D:4: 32 daAuts
